 Dungeon Crawl Stone Soup version 0.20-a0-214-gb74cb0e (webtiles) character file.

641 Lochraine the Caller (level 7, -3/36 HPs)
             Began as a Deep Elf Summoner on Nov 27, 2016.
             Was an Initiate of Sif Muna.
             Slain by a sky beast (6 damage)
             ... on level 5 of the Dungeon.
             The game lasted 00:21:11 (6247 turns).

Lochraine the Caller (Deep Elf Summoner)            Turns: 6247, Time: 00:21:13

Health: -3/36      AC:  7    Str:  7    XL:     7   Next: 26%
Magic:  12/18      EV: 13    Int: 20    God:    Sif Muna [......]
Gold:   233        SH:  0    Dex: 15    Spells: 2/18 levels left

rFire  . . .     SeeInvis .     A - +1 whip (flame)
rCold  . . .     Gourm    .     a - +0 robe
rNeg   . . .     Faith    .     (no shield)
rPois  .         Spirit   .     t - +0 helmet
rElec  .         Reflect  .     C - +0 cloak
rCorr  .         Harm     .     q - +1 pair of gloves
MR     .....                    l - +0 pair of boots
Stlth  ++........               (no amulet)
                                (no ring)
                                (no ring)

@: no status effects
A: no striking features
a: Renounce Religion


You were on level 5 of the Dungeon.
You worshipped Sif Muna.
Sif Muna was noncommittal.
You were not hungry.

You visited 2 branches of the dungeon, and saw 6 of its levels.

You collected 233 gold pieces.

Inventory:

Hand Weapons
 d - a +2 quarterstaff of chaos
 r - a +0 blowgun
 u - a +1 mace of crushing
 A - a +1 whip of flaming (weapon)
Missiles
 f - a throwing net (quivered)
 s - 10 poisoned needles
Armour
 a - a +0 robe (worn)
 l - a +0 pair of boots (worn)
 q - a +1 pair of gloves (worn)
 t - a +0 helmet (worn)
 C - a +0 cloak (worn)
Wands
 w - a wand of hasting (3/9)
Scrolls
 e - 2 scrolls of identify
 i - 3 scrolls of teleportation
 j - a scroll of remove curse
 m - a scroll of amnesia {unknown}
 n - a scroll of random uselessness
 x - 2 scrolls of fear {unknown}
 y - 2 scrolls of enchant weapon
 D - a scroll of immolation {unknown}
Potions
 g - a potion of heal wounds
 h - 2 potions of haste
 k - a potion of might {unknown}
 p - a potion of lignification {unknown}
 z - a potion of brilliance {unknown}
Books
 b - a book of Callings

   Spells                             Type                      Level
   a - Summon Small Mammal            Summoning                    1
   b - Call Imp                       Summoning                    2
   c - Call Canine Familiar           Summoning                    3
   d - Summon Guardian Golem          Hexes/Summoning              3
   e - Summon Lightning Spire         Summoning/Air                4
   f - Summon Ice Beast               Ice/Summoning                4
 v - a book of Misfortune

   Spells                             Type                      Level
   a - Confusing Touch                Hexes                        1
   b - Confuse                        Hexes                        3
   c - Gell's Gravitas                Hexes/Translocation          3
   d - Petrify                        Transmutation/Earth          4
   e - Metabolic Englaciation         Hexes/Ice                    5
   f - Yara's Violent Unravelling     Hexes/Transmutation          5
 B - a book of Changes

   Spells                             Type                      Level
   a - Beastly Appendage              Transmutation                1
   b - Sticks to Snakes               Transmutation                2
   c - Spider Form                    Transmutation/Poison         3
   d - Ice Form                       Ice/Transmutation            4
   e - Blade Hands                    Transmutation                5
Comestibles
 c - 3 bread rations
 o - a meat ration


   Skills:
 + Level 0.1 Fighting
 + Level 2.5 Dodging
 - Level 2.4 Stealth
 - Level 6.0 Spellcasting
 - Level 5.4 Hexes
 - Level 7.1 Summonings
 + Level 0.2 Ice Magic


You had 2 spell levels left.
You knew the following spells:

 Your Spells              Type           Power        Failure   Level  Hunger
a - Summon Small Mammal   Summ           ####         1%          1    None
b - Call Imp              Summ           ####....     1%          2    None
c - Confuse               Hex            ####....     4%          3    ##.....
d - Summon Guardian Gole  Hex/Summ       ####....     2%          3    ##.....
e - Call Canine Familiar  Summ           ####....     1%          3    ##.....
f - Summon Ice Beast      Ice/Summ       ###.....     24%         4    ####...


Dungeon Overview and Level Annotations

Branches:
Dungeon (5/15)             Temple (1/1) D:5

Altars:
Ashenzari
Cheibriados
Dithmenos
Elyvilon
Fedhas
Gozag
Hepliaklqana
Kikubaaqudgha
Makhleb
Nemelex Xobeh
Okawaru
Qazlal
Ru
Sif Muna
Trog
Uskayaw
Vehumet
Xom
Yredelemnul
Zin
The Shining One

Shops:
D:4 (


Message History

You hit the ice beast but do no damage.
The ice beast is lightly wounded.
The sky beast flickers out of sight!
Deactivating autopickup; reactivate with Ctrl-A.
The ice beast hits you. The ice beast freezes you.
Your hound bites the ice beast but does no damage.
Your white imp misses the ice beast.
You closely miss the ice beast.
The ice beast is lightly wounded.
Your hound barely misses the ice beast.
The ice beast hits you. The ice beast freezes you!
Your white imp barely misses the ice beast.
Your hound bites the ice beast.
Your hound bites the ice beast.
Something hits you. Something shocks you.
* * * LOW HITPOINT WARNING * * *
Something hits you.
* * * LOW HITPOINT WARNING * * *
Something shocks you.
You die...

##..........[...#.## #
#............(.....#####
#................#....##
#................####.#.
#.<).>....=......# #...
#................####...
#......(.......<........
.>..................####
###....@#.........######
#....Y{...............
#####5##.......#######
####8#....##### #.
#...........########.
############.......).
######..##
#######=........
########.#..#.####....#


You could see an ice beast, a friendly guardian golem and a friendly white imp.

Vanquished Creatures
  A phantom (D:5)
  An adder (D:5)
  2 worms (D:2)
  2 leopard geckos
  2 orcs
  3 giant cockroaches
  8 goblins
  5 hobgoblins
  2 jackals
  2 kobolds (D:3)
  8 frilled lizards
  A quokka skeleton (D:5)
  5 rats
42 creatures vanquished.

Vanquished Creatures (collateral kills)
  Prince Ribbit (D:5)
  The ghost of Lochraine the Firebug, an amateur TeFE of Sif Muna (D:5)
  A slave (D:4)
  An ogre (D:4)
  A scorpion (D:5)
  Crazy Yiuf (D:5)
  A hound (D:3)
  An orc wizard (D:3)
  Terence (D:2)
  A worker ant (D:5)
  Robin (D:4)
  2 adders
  An ooze (D:2)
  An adder zombie (D:5)
  2 dart slugs
  An orc (D:3)
  A bat (D:1)
  2 giant cockroaches
  5 goblins
  6 hobgoblins
  6 jackals
  A quokka (D:5)
  4 frilled lizards
  8 kobolds
  A rat (D:1)
52 creatures vanquished.

Vanquished Creatures (others)
  Pikel (D:4)
  A slave (D:4)
  2 goblins (D:4)
  A hobgoblin (D:4)
5 creatures vanquished.

Grand Total: 99 creatures vanquished

Notes
Turn   | Place    | Note
-------+----------+-------------------------------------------
     0 | D:1      | Lochraine the Deep Elf Summoner began the quest for the Orb.
     0 | D:1      | Reached XP level 1. HP: 10/10 MP: 6/6
   795 | D:1      | Reached XP level 2. HP: 9/15 MP: 3/8
   802 | D:1      | Learned a level 2 spell: Call Imp
  1735 | D:2      | Noticed Terence
  1984 | D:2      | Reached skill level 5 in Summonings
  2041 | D:2      | Reached XP level 3. HP: 7/19 MP: 2/10
  2204 | D:2      | Learned a level 3 spell: Call Canine Familiar
  2444 | D:2      | Killed Terence
  3129 | D:3      | Reached XP level 4. HP: 22/24 MP: 4/12
  3177 | D:3      | Learned a level 3 spell: Summon Guardian Golem
  3328 | D:3      | Learned a level 3 spell: Confuse
  3744 | D:4      | Noticed Robin
  3747 | D:4      | Noticed a slave
  3749 | D:4      | Noticed a slave
  3749 | D:4      | Killed Robin
  3751 | D:4      | Noticed Pikel
  3753 | D:4      | Killed a slave
  3759 | D:4      | Reached skill level 1 in Hexes
  3788 | D:4      | Noticed an ogre
  4161 | D:4      | Killed Pikel
  4161 | D:4      | Reached skill level 6 in Summonings
  4161 | D:4      | Reached XP level 5. HP: 17/28 MP: 1/14
  4161 | D:4      | Reached XP level 6. HP: 20/32 MP: 1/15
  4260 | D:4      | Killed a freed slave
  4301 | D:4      | Noticed a freed slave
  4312 | D:4      | Reached skill level 5 in Spellcasting
  4697 | D:4      | Found Mecoxt's Antique Weapon Shop.
  4953 | D:5      | Entered Level 5 of the Dungeon
  4974 | D:5      | Noticed Prince Ribbit
  5357 | D:5      | Found a staircase to the Ecumenical Temple.
  5361 | Temple   | Entered the Ecumenical Temple
  5690 | Temple   | Became a worshipper of Sif Muna the Loreminder
  5786 | D:5      | Noticed Lochraine's ghost (amateur TeFE)
  5805 | D:5      | Killed Lochraine's ghost
  5805 | D:5      | Reached skill level 5 in Hexes
  5805 | D:5      | Reached skill level 7 in Summonings
  5805 | D:5      | Reached XP level 7. HP: 36/36 MP: 2/17
  5825 | D:5      | Killed Prince Ribbit
  5938 | D:5      | Learned a level 4 spell: Summon Ice Beast
  5988 | D:5      | Found a runed door.
  6004 | D:5      | Noticed Crazy Yiuf
  6013 | D:5      | Killed Crazy Yiuf
  6247 | D:5      | Slain by a sky beast

Vault maps used:
D:1:      tarquinn_simple_flora_water_f
D:2:      minmay_box_of_dots, uniq_terence
D:4:      serial_shops, shop, serial_park_tiny_2, nrook_loot_triangle,
          uniq_robin, uniq_pikel
D:5:      first_bread, uniq_edmund, uniq_prince_ribbit1, uniq_crazy_yiuf_cottage
Temple:   regret_index_temple_sigil_plot

Skill      XL: |  1  2  3  4  5  6  7 |
---------------+----------------------+-----
Summonings     | 5 6 7 |  7.1
Spellcasting   | 4 5 6 |  6.0
Hexes          | 3 5 |  5.4
Fighting       | |  0.1
Dodging        | |  2.5
Stealth        | |  2.4
Ice Magic      | |  0.2

Action                   |  1- 3 |  4- 6 |  7- 9 || total
-------------------------+-------+-------+-------++-------
Melee: Club              |    29 |       |       ||    29
       Unarmed           |     7 |       |       ||     7
       Dagger            |    87 |     6 |       ||    93
       Mace              |       |    27 |       ||    27
       Whip              |       |    45 |     3 ||    48
 Cast: Summon Small Mamm |    39 |     1 |       ||    40
       Call Imp          |    15 |    17 |     7 ||    39
       Call Canine Famil |     5 |    10 |     2 ||    17
       Summon Guardian G |       |     2 |     3 ||     5
       Confuse           |       |     5 |       ||     5
Evoke: Wand              |       |     1 |       ||     1
  Use: Scroll            |     3 |     6 |     1 ||    10
       Potion            |     1 |       |       ||     1
 Stab: Sleeping          |     5 |     1 |       ||     6
       Distracted        |     1 |     2 |       ||     3
  Eat: Chunk             |     7 |     8 |     1 ||    16
       Meat ration       |       |       |     1 ||     1
Armor: Robe              |    27 |    18 |     1 ||    46
Dodge: Dodged            |   104 |    44 |     1 ||   149
